Map: Paladino Terminal LE

Players

SurgicalBeef - Winner!

  • Race: Protoss Protoss
  • League: Diamond
  • Spawn Location: 9:00

FROMAGEZERG

  • Race: Zerg Zerg
  • League: Diamond
  • Spawn Location: 5:00

VOD

Have the link to the VOD?

Description

Time

  • Played on: Feb. 11, 2017, 5:46 a.m.
  • Length: 7:51
Show
View Real Time Build Order
Export as new Build Order

SurgicalBeef Protoss - Winner!

Build Orders: 1 Gate Expand 

Get SALT Encoding   

  12  0:01  Probe (Chrono Boost)  
  13  0:11  Probe (Chrono Boost)  
  14  0:23  Pylon  
  14  0:24  Probe (Chrono Boost)  
  15  0:41  Probe (Chrono Boost)  
  16  0:46  Gateway  
  16  0:51  Assimilator  
  16  0:52  Probe (Chrono Boost)  
  17  1:02  Probe (Chrono Boost)  
  18  1:13  Probe (Chrono Boost)  
  19  1:23  Probe (Chrono Boost)  
  20  1:29  Nexus  
  20  1:34  Probe (Chrono Boost)  
  21  1:40  Cybernetics Core  
  21  1:47  Assimilator  
  21  1:53  Probe (Chrono Boost)  
  22  1:57  Pylon  
  22  2:03  Probe (Chrono Boost)  
  23  2:16  Probe (Chrono Boost)  
  23  2:22  Robotics Facility  
  26  2:24  Adept  
  26  2:33  Probe (Chrono Boost)  
  27  2:44  Probe x2 (Chrono Boost)  
  28  3:03  Adept  
  27  3:05  Warp Prism  
  27  3:06  Probe (Chrono Boost)  
  32  3:14  Twilight Council  
  32  3:16  Mothership Core (Chrono Boost)  
  32  3:19  Probe (Chrono Boost)  
  35  3:23  Warp Gate  
  35  3:28  Pylon  
  35  3:34  Probe (Chrono Boost)  
  35  3:36  Immortal  
  36  3:47  Probe (Chrono Boost)  
  41  3:51  Probe (Chrono Boost)  
  42  3:59  Probe (Chrono Boost)  
  43  4:13  Pylon  
  42  4:29  Probe (Chrono Boost)  
  42  4:31  Probe (Chrono Boost)  
  44  4:32  Charge  
  46  4:38  Immortal  
  46  4:41  Probe (Chrono Boost)  
  46  4:43  Gateway x2, Probe (Chrono Boost)  
  50  4:58  Gateway  
  50  5:00  Gateway  
  50  5:12  Gateway  
  50  5:20  Adept  
  52  5:21  Warp Prism  
  54  5:30  Dark Shrine  
  54  5:38  Pylon  
  54  5:40  Assimilator  
  56  5:58  Probe x2 (Chrono Boost)  
  56  5:59  Zealot x2  
  56  6:00  Zealot  
  62  6:14  Pylon  
  62  6:18  Pylon  
  58  6:26  Probe x2 (Chrono Boost)  
  58  6:37  Zealot x4  
  66  6:50  Zealot  
  66  6:51  Zealot  
  70  7:01  Dark Templar x2  
  70  7:02  Dark Templar x2  
  74  7:17  Dark Templar  
  68  7:38  Zealot x2  
  68  7:39  Zealot x3  
Show
View Real Time Build Order
Export as new Build Order

FROMAGEZERG Zerg 

Build Orders: Hatch First 

Get SALT Encoding   

  12  0:01  Drone  
  13  0:12  Overlord  
  13  0:18  Drone  
  14  0:31  Drone x2  
  16  0:36  Drone  
  17  0:54  Hatchery  
  16  0:59  Drone x2  
  18  1:13  Extractor  
  18  1:17  Spawning Pool  
  16  1:19  Drone  
  16  1:23  Drone  
  18  1:28  Drone  
  19  1:39  Overlord  
  19  2:05  Queen, Drone x2  
  19  2:07  Queen  
  19  2:08  Zergling x2  
  26  2:14  Metabolic Boost  
  26  2:16  Zergling x2  
  26  2:21  Drone  
  26  2:22  Drone  
  29  2:31  Drone  
  29  2:32  Drone  
  31  2:38  Overlord  
  31  2:52  Hatchery  
  31  2:54  Drone  
  31  2:56  Drone  
  32  3:00  Drone  
  32  3:02  Drone  
  34  3:05  Drone  
  34  3:14  Zergling x2  
  34  3:15  Zergling x6  
  38  3:21  Baneling Nest  
  38  3:23  Zergling x2  
  38  3:25  Zergling x2  
  39  3:28  Zergling x2  
  39  3:29  Zergling x2  
  41  3:37  Drone x2  
  44  3:41  Drone  
  44  3:47  Spore Crawler  
  43  3:53  Spore Crawler  
  43  3:55  Drone x2  
  44  3:57  Overlord  
  42  4:06  Drone x4  
  45  4:15  Drone x2  
  47  4:23  Drone x2  
  48  4:31  Drone x3  
  48  4:34  Drone x2  
  50  4:42  Drone x4  
  50  4:43  Drone  
  55  4:47  Extractor  
  55  4:49  Extractor x2  
  55  4:50  Drone  
  55  4:51  Queen, Drone  
  56  4:53  Drone  
  56  4:57  Drone  
  58  5:01  Overlord x2  
  58  5:09  Overlord  
  58  5:16  Overlord x2  
  58  5:21  Evolution Chamber  
  58  5:23  Roach Warren, Evolution Chamber, Drone x3  
  58  5:24  Drone  
  58  5:27  Drone x4  
  63  5:33  Drone  
  64  5:38  Zergling x8  
  64  5:39  Zergling x2  
  64  5:42  Lair  
  69  5:48  Zergling x4  
  71  5:50  Zergling x2  
  71  5:57  Zergling x8  
  71  5:58  Overlord  
  74  6:04  Zergling x10  
  74  6:05  Queen  
  78  6:18  Zergling x4  
  77  6:19  Zergling x4  
  79  6:27  Drone  
  77  6:43  Queen  
  77  6:47  Zergling x10  
  76  6:49  Zergling x8  
  75  6:54  Spire  
  75  7:00  Zergling x4  
  67  7:14  Zergling x10  
  63  7:16  Zergling x2  
  63  7:18  Overseer x4  
  55  7:23  Zergling x2  
Tags
 
Add a new tag
Caveats
  • Supply blocks, unpowered buildings, or Contaminate may cause inaccurate times.
  • Supply counts are checked every 10 seconds.